AoeStats
← seanyPoo

Nomad

510627308Analyzed
3v3 RM · 1d ago on Oct 1, 2026· 42m 32s· 6 players
Game mode
Random Map
Map size
210×210
Population
200
Speed
Normal
Resources
Standard
Victory
Conquest
Starting age
Dark Age
Ending age
Imperial Age
RankedLock teamsTeams togetherTeam positionsShared explorationLock speedFull tech treeHidden civsTurbo modeCheats
Victory
Defeat
🇵🇱 Celts · Poland
867
+16
🇪🇸 Franks · Spain
861
+16
🇦🇷 Goths · Argentina
782
+27
🇺🇸 Persians · United States
948
-20
🇺🇸 Japanese · United States
943
-20
🇺🇸 Huns · United States
695
-11
mata101
6:38 Loom
13:03 Feudal Age
seanyPoo
3:38 Loom
25:36 Feudal Age
aochamberlin17
15:34 Feudal Age
22:51 Castle Age
22:32 Double-Bit Axe
25:32 Forging
25:10 Arson
25:26 Squires
29:10 Scale Mail Armor
31:32 Wheelbarrow
37:26 Hand Cart
38:43 Bow Saw
43:40 Imperial Age
42:24 Loom
42:26 Town Watch
Godzi
13:42 Feudal Age
19:19 Castle Age
21:47 Forging
22:04 Double-Bit Axe
23:18 Loom
25:26 Scale Barding Armor
31:28 Wheelbarrow
30:39 Town Watch
36:09 Iron Casting
38:29 Imperial Age
38:44 Bow Saw
38:55 Husbandry
39:29 Cavalier
malolepszy.adrian
14:31 Feudal Age
15:21 Double-Bit Axe
15:46 Fishing Lines
17:16 Wheelbarrow
17:16 Gold Mining
20:24 Stone Mining
23:12 Castle Age
24:38 Hand Cart
24:39 Bow Saw
25:15 Stone Shaft Mining
25:25 Gillnets
27:14 Gold Shaft Mining
26:44 Arson
37:40 Imperial Age
38:34 Forging
38:15 Fletching
38:26 Scale Mail Armor
39:16 Conscription
39:13 Heavy Mounted Crossbowman
LOCO_AMIN
7:43 Loom
25:00 Feudal Age
25:56 Man-at-Arms
31:15 Fishing Lines
34:56 Castle Age
38:24 Gillnets
42:22 Wheelbarrow
42:01 Horse Collar
Connection lost

Rejoining the realm…

Still unreachable

The connection could not be restored.

Session expired

The server has moved on; the page needs a fresh start.